 Dungeon Crawl Stone Soup version 0.26-a0-597-gb535b0901c (webtiles) character file.

Game seed: 6929994443811275126

43 Lanoc the Shield-Bearer (level 3, 0/19 HPs)
             Began as a Vine Stalker Fighter on Sept 12, 2020.
             Succumbed to a worker ant's poison
             ... on level 3 of the Dungeon.
             The game lasted 00:00:49 (412 turns).

Lanoc the Shield-Bearer (Vine Stalker Fighter)       Turns: 412, Time: 00:00:49

Health: 0/19       AC:  6    Str: 19    XL:     3   Next: 58%
Magic:  2/4        EV:  7    Int:  8    God:
Gold:   30         SH:  9    Dex: 13    Spells: 2/2 levels left

rFire    + . .     SeeInvis .   a - +0 long sword
rCold    + . .     Faith    .   c - +0 kite shield
rNeg     . . .     Spirit   +   b - +0 scale mail
rPois    .         Reflect  .   (no helmet)
rElec    .         Harm     .   (no cloak)
rCorr    .         Rnd*Rage +   (no gloves)
MR       .....                  (no boots)
Stlth    ..........             (no amulet)
HPRegen  0.06/turn              (no ring)
MPRegen  0.09/turn              (no ring)

@: mighty, lethally poisoned (0 -> -5)
A: fangs 2, berserk 1, cold resistance 1, fire resistance 1, evolution 1, magic
shield, antimagic bite, no potion heal 3, rot immunity
a: no special abilities


You were on level 3 of the Dungeon.
You visited 1 branch of the dungeon, and saw 3 of its levels.

You collected 30 gold pieces.

Inventory:

Hand Weapons
 a - a +0 long sword (weapon)
Armour
 b - a +0 scale mail (worn)
 c - a +0 kite shield (worn)
Scrolls
 f - a scroll of remove curse {unknown}


   Skills:
 + Level 2.9 Fighting
 * Level 2.4 Long Blades
 + Level 2.6 Armour
 + Level 0.7 Dodging
 + Level 3.0 Shields


You had 2 spell levels left.
You didn't know any spells.
Your spell library was empty.

Dungeon Overview and Level Annotations

Branches:
Dungeon (3/15)

Altars:


Innate Abilities, Weirdness & Mutations

You have extremely sharp teeth.
When hurt, damage is shared between your health and your magic reserves.
Your bite disrupts and absorbs the magic of your enemies.
Potions cannot restore your health.
You are immune to rotting.
You tend to lose your temper in combat.
Your flesh is cold resistant. (rC+)
Your flesh is heat resistant. (rF+)
You evolve.


Message History

You feel resistant to heat.
The jackal bites you but does no damage.
You feel very mighty all of a sudden.
* * * LOW HITPOINT WARNING * * *
You feel sick.
The jackal bites you but does no damage. x2
You slash the jackal!
You kill the jackal!
* * * LOW HITPOINT WARNING * * *
You feel sick.
The jackal bites you but does no damage.
You slash the jackal!
You kill the jackal!
Found a scroll labeled PAWAKKYLIMP.
Items here: ) †††.
* * * LOW HITPOINT WARNING * * *
You feel sick.
* * * LOW HITPOINT WARNING * * *
You feel sick.
You die...

###.##.####.........#
#.......)..........^.
#?#..#.#####.########
#..#.# #.# #....# #.#
#....# #.# #....# ...
#..#.## .# #..#@.#
#..#..# #..#...#
#..#.#.# #..#+#.. #..
..# ... .>#


There were no monsters in sight!

Vanquished Creatures
  A worker ant (D:3)
  An ooze (D:2)
  2 dart slugs (D:1)
  A bat (D:1)
  A giant cockroach (D:1)
  2 hobgoblins
  2 jackals (D:3)
  A rat (D:2)
11 creatures vanquished.

Notes
Turn   | Place    | Note
-------+----------+-------------------------------------------
     0 | D:1      | Lanoc the Vine Stalker Fighter began the quest for the Orb.
     0 | D:1      | Reached XP level 1. HP: 11/11 MP: 2/2
   217 | D:1      | Reached XP level 2. HP: 16/16 MP: 1/3
   396 | D:3      | Reached skill level 3 in Shields
   396 | D:3      | Reached XP level 3. HP: 13/19 MP: 1/4
   400 | D:3      | Gained mutation: You evolve. [potion of mutation]
   400 | D:3      | Gained mutation: You tend to lose your temper in combat.
                  | [potion of mutation]
   400 | D:3      | Gained mutation: Your flesh is cold resistant. (rC+)
                  | [potion of mutation]
   400 | D:3      | Gained mutation: Your flesh is heat resistant. (rF+)
                  | [potion of mutation]
   412 | D:3      | Succumbed to a worker ant's poison

Illustrated notes

Levels and vault maps discovered:
D:1:      erik_arrival_blinker_ship, layout_basic
D:2:      layout_loops_ring, serial_glass, glass_columns_a, glass_columns_b,
          grunt_nemelex_the_gamble, uniq_jessica
D:3:      layout_basic, gammafunk_ghost_necromancy, fedhas_altar_2

Skill      XL: |  1  2 |
---------------+-------+-----
Long Blades    | 2 |  2.4
Shields        | 3 |  3.0
Fighting       | |  2.9
Armour         | |  2.6
Dodging        | |  0.7

Action                   || total
-------------------------++-------
Melee: Long sword        ||    31
       Bite              ||    10
  Use: Potion            ||     2
Armor: Scale mail        ||    19
Dodge: Dodged            ||     7
Block: Kite shield       ||    15
       Rpst.: Long sword ||     5

Table legend: (Time is in decaauts)
 A = Elapsed time spent in this place.
 B = Non-inter-level travel time spent in this place.
 C = Inter-level travel time spent in this place.
 D = Time resting spent in this place.
 E = Time spent auto-exploring this place.
 F = Levels seen in this place.
 G = Mean time per level.
                   A        B        C        D        E       F      G
               +--------+--------+--------+--------+--------+-----+--------+
         Total |    423 |    421 |      2 |      0 |    339 |   3 |  141.0 |
       Dungeon |    423 |    421 |      2 |      0 |    339 |   3 |  141.0 |
               +--------+--------+--------+--------+--------+-----+--------+

Top non-repeatable levels by time:
     D:1: 297 daAuts
     D:3: 103 daAuts
     D:2: 22 daAuts
